Map: Acid Plant LE

Players

axu - Winner!

  • Race: Protoss Protoss
  • League: Platinum
  • Spawn Location: 5:00

GoOn

  • Race: Terran Terran
  • League: Platinum
  • Spawn Location: 11:00

VOD

Have the link to the VOD?

Description

Time

  • Played on: April 11, 2018, 3:11 p.m.
  • Length: 11:31
Show
View Real Time Build Order
Export as new Build Order

axu Protoss - Winner!

Build Orders:  

Get SALT Encoding   

  12  0:01  Probe  
  13  0:17  Probe  
  13  0:21  Pylon  
  14  0:31  Probe  
  15  0:42  Gateway  
  15  0:44  Probe  
  16  0:51  Assimilator  
  16  0:56  Probe (Chrono Boost)  
  17  1:08  Probe (Chrono Boost)  
  18  1:15  Probe (Chrono Boost)  
  19  1:26  Probe  
  20  1:38  Probe  
  21  1:45  Nexus  
  21  1:51  Cybernetics Core  
  21  1:56  Pylon  
  21  1:59  Probe  
  22  2:01  Assimilator  
  22  2:11  Probe  
  23  2:23  Probe  
  23  2:27  Warp Gate  
  23  2:28  Stalker (Chrono Boost)  
  26  2:35  Probe  
  27  2:37  Pylon  
  27  2:47  Probe  
  28  2:52  Stalker (Chrono Boost)  
  28  2:57  Probe  
  31  2:59  Probe  
  32  3:07  Gateway x2  
  32  3:10  Probe  
  32  3:11  Probe  
  34  3:22  Probe  
  35  3:27  Gateway  
  35  3:36  Probe x2  
  37  3:46  Shield Battery  
  38  3:48  Probe x2  
  38  3:49  Robotics Facility  
  39  4:00  Probe (Chrono Boost)  
  39  4:01  Probe (Chrono Boost)  
  41  4:07  Shield Battery  
  41  4:13  Probe x2 (Chrono Boost)  
  43  4:20  Probe (Chrono Boost)  
  44  4:26  Pylon  
  44  4:29  Pylon  
  42  4:33  Stalker  
  42  4:34  Stalker x3  
  42  4:35  Immortal (Chrono Boost)  
  52  5:01  Twilight Council  
  52  5:06  Stalker  
  52  5:07  Stalker x3, Immortal  
  58  5:13  Assimilator  
  64  5:16  Probe  
  64  5:17  Assimilator  
  59  5:36  Stalker x4  
  67  5:48  Observer  
  68  6:05  Nexus  
  66  6:18  Pylon  
  62  6:33  Stalker  
  62  6:34  Stalker  
  62  6:35  Stalker x2  
  62  6:37  Immortal  
  74  6:51  Blink (Chrono Boost)  
  74  6:58  Probe x2  
  76  7:10  Probe x2  
  78  7:25  Pylon  
  78  7:26  Gateway  
  78  7:27  Gateway  
  78  7:28  Gateway, Pylon  
  78  7:29  Gateway, Immortal, Pylon  
  82  7:39  Stalker  
  82  7:40  Stalker x3  
  90  7:49  Forge x2  
  90  7:54  Gateway, Probe x2  
  90  7:55  Probe  
  93  8:13  Pylon  
  93  8:15  Probe x3  
  93  8:19  Protoss Ground Armor Level 1 (Chrono Boost), Protoss Ground Weapons Level 1 (Chrono Boost)  
  96  8:21  Pylon  
  96  8:27  Probe x2  
  96  8:28  Templar Archives, Probe  
  99  8:39  Probe x2  
  99  8:40  Probe  
  102  8:51  Probe  
  95  9:22  Stalker x2  
  95  9:23  Stalker  
  97  9:27  High Templar  
  99  9:32  High Templar x4  
  99  9:36  Archon x2  
  99  9:37  Probe x3  
  110  9:42  Assimilator  
  110  9:47  Assimilator  
  110  9:49  Probe x3  
  110  9:50  Gateway  
  113  9:56  Gateway  
  113  9:57  Gateway  
  113  9:58  High Templar  
  113  9:59  Gateway x2, High Templar x2  
  115  10:06  Probe x2  
  115  10:07  Probe  
  118  10:18  Probe x2  
  118  10:33  Zealot x6  
  118  10:34  Zealot x2  
  133  10:50  Pylon  
  133  10:52  Pylon  
  133  10:55  Pylon  
  132  10:58  Pylon  
Show
View Real Time Build Order
Export as new Build Order

GoOn Terran 

Build Orders:  

Get SALT Encoding   

  12  0:01  SCV  
  13  0:13  SCV  
  14  0:21  Supply Depot  
  14  0:25  SCV  
  15  0:43  SCV  
  15  0:45  Barracks  
  16  0:51  Refinery  
  16  0:54  Refinery  
  16  0:55  SCV  
  17  1:07  SCV  
  18  1:19  SCV  
  19  1:31  SCV  
  20  1:33  Supply Depot  
  20  1:34  Marine  
  21  1:40  Factory  
  21  1:43  SCV  
  22  1:56  Orbital Command  
  22  2:24  Factory Reactor  
  22  2:26  Factory  
  22  2:28  SCV  
  23  2:44  Command Center  
  23  2:48  SCV  
  24  3:00  Cyclone  
  24  3:04  Cyclone  
  30  3:11  Factory Tech Lab  
  30  3:21  Engineering Bay  
  29  3:29  SCV  
  29  3:31  Rapid Fire Launchers  
  30  3:39  Supply Depot  
  30  3:55  Supply Depot  
  30  3:56  Cyclone x2  
  36  4:04  Cyclone  
  39  4:14  Missile Turret  
  39  4:21  SCV  
  40  4:28  Missile Turret  
  40  4:33  Cyclone  
  40  4:57  Orbital Command  
  40  5:00  SCV  
  41  5:07  Starport  
  41  5:09  Armory  
  41  5:11  Supply Depot  
  41  5:12  SCV  
  42  5:16  Supply Depot  
  42  5:24  SCV  
  31  5:36  SCV  
  31  5:37  Cyclone x2  
  38  5:46  Refinery  
  38  5:48  SCV  
  38  5:49  Refinery  
  39  5:58  SCV  
  39  6:00  SCV  
  39  6:01  Terran Vehicle Weapons Level 1  
  41  6:10  SCV  
  42  6:13  Cyclone  
  34  6:29  Cyclone x2  
  34  6:49  Liberator  
  34  6:58  SCV  
  34  7:00  Command Center  
  35  7:08  Orbital Command  
  38  7:32  Liberator  
  38  7:38  SCV  
  38  7:42  Refinery, Siege Tank, Missile Turret  
  45  8:00  SCV  
  46  8:06  SCV  
  46  8:07  Factory  
  47  8:16  Missile Turret  
  47  8:18  Supply Depot, SCV  
  48  8:26  Cyclone x2  
  54  8:28  Siege Tank  
  54  8:31  SCV  
  58  8:43  SCV  
  56  8:50  Missile Turret  
  56  8:51  SCV  
  54  8:55  SCV  
  55  9:03  SCV  
  44  9:31  SCV  
  45  9:41  Starport Reactor  
  45  9:42  Factory Tech Lab  
  45  9:43  SCV  
  46  9:48  SCV  
  44  9:55  SCV  
  42  10:00  SCV  
  43  10:07  SCV  
  43  10:11  Liberator x2  
  43  10:12  SCV  
  45  10:19  SCV  
  46  10:23  Siege Tank x2  
  46  10:24  Hellion, SCV  
  46  10:25  Hellion  
  57  10:31  SCV  
  57  10:34  SCV  
  65  10:36  SCV  
  65  10:41  Refinery  
  66  10:43  SCV  
  66  10:46  Hellion, SCV  
  66  10:48  SCV  
  71  11:07  Missile Turret  
  71  11:12  Missile Turret  
Tags
 
Add a new tag
Caveats
  • Supply blocks, unpowered buildings, or Contaminate may cause inaccurate times.
  • Supply counts are checked every 10 seconds.